 Dungeon Crawl Stone Soup version 0.29-a0-275-g389c0b56f3 (webtiles) character file.

Game seed: 1707819609985016507

56 spaghetti the Cudgeller (level 3, 0/39 HPs)
             Began as an Ogre Chaos Knight on Mar 12, 2022.
             Was a Plaything of Xom.
             Succumbed to an adder's poison
             ... on level 2 of the Dungeon.
             The game lasted 00:01:48 (1390 turns).

spaghetti the Cudgeller (Ogre Chaos Knight)         Turns: 1390, Time: 00:01:49

Health: 0/39       AC:  5    Str: 18    XL:     3   Next: 97%
Magic:  3/3        EV:  9    Int: 13    God:    Xom [..*...]
Gold:   61         SH:  0    Dex:  8    Spells: 2/2 levels left

rFire   . . .      SeeInvis .   a - +0 mace (chaos) {mace}
rCold   . . .      Faith    .   (no shield)
rNeg    . . .      Spirit   .   b - +2 robe
rPois   .          Reflect  .   (helmet restricted)
rElec   .          Harm     .   (no cloak)
rCorr   .          Rampage  .   (gloves unavailable)
Will    .....                   (boots unavailable)
Stlth   +.........              (no amulet)
HPRegen 0.13/turn               (no ring)
MPRegen 0.08/turn               (no ring)

@: mighty, lethally poisoned (0 -> -4), on berserk cooldown, slowed, very slow
A: large, unfitting armour, tough skin 1
a: Renounce Religion


You were on level 2 of the Dungeon.
You worshipped Xom.
You were a toy of Xom.
You visited 1 branch of the dungeon, and saw 2 of its levels.

You collected 61 gold pieces.


Innate Abilities, Weirdness & Mutations

You are too large for most types of armour.
You have tough skin. (AC +1)


   Skills:
 + Level 4.0 Fighting
 - Level 4.3 Maces & Flails
 - Level 2.1 Dodging


You had 2 spell levels left.
You didn't know any spells.
Your spell library was empty.

Inventory:

Hand Weapons
 a - a +0 mace of chaos (weapon) {mace}
Missiles
 e - a throwing net {=f!fthrowing}
 g - 99 stones {throwing}
Armour
 b - a +2 robe (worn)
Scrolls
 i - 3 scrolls of identify {@r1}
 j - a scroll of enchant armour {unknown}
Potions
 d - a potion of attraction {unknown}
 h - a potion of magic {unknown}
Miscellaneous
 c - a piece from Xom's chessboard (13/15) (quivered)

Dungeon Overview and Level Annotations

Branches:
Dungeon (2/15)

Altars:

..... ... .....! ...
..... .... .... .....
..# #..####.....
..##########......(...
##.....
........†.......
.....# #.....†@.......
.....# #.....†###+#.##
.....# #.....^......#
.....# #.......##..##
.....# #.[......#..#
.)...# #......#.#..#
##.### #......#.#..#
#.#
########....#.......
#.# ##...#........


There were no monsters in sight!


Message History

The hobgoblin shouts!
You hit the adder.
The adder flickers and vanishes!
Deactivating autopickup; reactivate with Ctrl-A.
Xom thinks this is hilarious!
Something bites you but does no damage.
The frilled lizard bites you but does no damage.
You barely miss something. Something bites you but does no damage.
The frilled lizard barely misses you. Something bites you but does no damage.
You hit something.
You feel better. Something bites you but does no damage.
The frilled lizard barely misses you. Something bites you but does no damage.
The frilled lizard bites you but does no damage. 😕 HP[+1]
You miss something. Something bites you but does no damage.
The frilled lizard barely misses you.
You closely miss something. Something bites you.
You are poisoned.
Something poisons you! The frilled lizard closely misses you.
Something bites you. 😮 HP[-6]
You take 6 damage, and now have 25/39 hp.
You hit something.
Nothing appears to happen.
You feel sick. The frilled lizard closely misses you.
The hobgoblin hits you but does no damage.
Something bites you.
You are more poisoned.
Something poisons you! 😮 HP[-4]
You take 4 damage, and now have 21/39 hp.
It was a potion of might.
You feel very mighty all of a sudden.
Xom thinks this is hilarious!
You feel very sick. Something bites you.
* * * LOW HITPOINT WARNING * * *
The hobgoblin hits you but does no damage.
The frilled lizard bites you.
* * * LOW HITPOINT WARNING * * *
😨 HP[-5]
You take 5 damage, and now have 16/39 hp.
It was a potion of berserk rage.
A red film seems to cover your vision as you go berserk!
You feel yourself moving faster!
You feel mighty!
You feel sick. Something bites you.
* * * LOW HITPOINT WARNING * * *
The hobgoblin hits you.
* * * LOW HITPOINT WARNING * * *
The frilled lizard bites you but does no damage.
Something bites you but does no damage.
You now have 58 max hp (+19).
You thump the hobgoblin!
You kill the hobgoblin!
You feel sick. The frilled lizard bites you.
* * * LOW HITPOINT WARNING * * *
Something bites you but does no damage. 😱 HP[-2]
You take 2 damage, and now have 14/58 hp.
Unknown command.
You closely miss something.
You feel sick. Something bites you.
* * * LOW HITPOINT WARNING * * *
You are lethally poisoned!
Something poisons you!
The frilled lizard barely misses you. 😱 HP[-4]
You take 4 damage, and now have 10/58 hp.
You sock something! You freeze something.
Reactivating autopickup.
You feel a bit more experienced.
* * * LOW HITPOINT WARNING * * *
You feel sick. The frilled lizard bites you.
* * * LOW HITPOINT WARNING * * *
Your piece from Xom's chessboard (13/15) has regained one charge. 😱 HP[-4]
You take 4 damage, and now have 6/58 hp.
You closely miss the frilled lizard.
* * * LOW HITPOINT WARNING * * *
You feel sick. 😱 HP[-2]
You take 2 damage, and now have 4/58 hp.
You thump the frilled lizard! You burn the frilled lizard.
You kill the frilled lizard!
* * * LOW HITPOINT WARNING * * *
You feel sick.
You are too berserk!
There is a lethal amount of poison in your body!
Unknown command.
There is a lethal amount of poison in your body!
* * * LOW HITPOINT WARNING * * *
You feel sick. 😱 HP[-1]
You take 1 damage, and now have 3/58 hp.
You feel a strong urge to attack something.
* * * LOW HITPOINT WARNING * * *
You feel sick. 😱 HP[-1]
You take 1 damage, and now have 2/58 hp.
Unknown command.
You are no longer berserk.
You are exhausted.
You feel yourself slow down.
You die...
Xom giggles madly!

Skill      XL: |  1  2  3 |
---------------+----------+-----
Maces & Flails | 3 4 |  4.3
Fighting       | |  4.0
Dodging        | |  2.1

Action                   || total
-------------------------++-------
Melee: Mace              ||    81
Evoke: Piece from Xom's  ||     5
  Use: Scroll            ||     2
       Potion            ||     3
Armor: Robe              ||    64
Dodge: Dodged            ||    66

Levels and vault maps discovered:
D:1:      roderic_chinese_lattice_arrival, layout_rooms,
          shapermc_ecumenical_altar_mp_ritualfount, st_stairs_5,
          grunt_decor_one_mirror, corexii_item_surrounded_by_moat,
          palyth_stone_intersect, minmay_misc_feat_x, serial_bayou_crossing
D:2:      wander_river, layout_basic, minmay_ruptured

Notes
Turn   | Place    | Note
-------+----------+-------------------------------------------
     0 | D:1      | spaghetti the Ogre Chaos Knight began the quest for the
                  | Orb.
     0 | D:1      | Reached XP level 1. HP: 24/24 MP: 1/1
     0 | D:1      | magus.rc [v1.9.6]
    68 | D:1      | Reached skill level 3 in Maces & Flails
    72 | D:1      | Reached XP level 2. HP: 14/32 MP: 2/2
    75 | D:1      | XOM: silly message
   741 | D:1      | Found a faded altar of an unknown god.
   794 | D:1      | XOM: silly message
   953 | D:2      | HP: 5/32 [adder (4)]
   956 | D:2      | Reached XP level 3. HP: 31/39 MP: 3/3
  1275 | D:2      | Reached skill level 4 in Maces & Flails
  1383 | D:2      | HP: 14/58 [frilled lizard (1)]
  1385 | D:2      | HP: 6/58 [frilled lizard (2)]
  1389 | D:2      | HP: 2/58 [poisoned by an adder]
  1390 | D:2      | Succumbed to an adder's poison

Vanquished Creatures
  3 adders (D:2)
  A dart slug (D:1)
  2 endoplasms (D:1)
  2 giant cockroaches
  3 goblins
  3 hobgoblins
  2 kobolds (D:1)
  2 quokkas (D:1)
  2 ball pythons (D:1)
  2 bats
  2 frilled lizards (D:2)
  A rat (D:2)
25 creatures vanquished.

Table legend:
 A = Non-vault XP
 B = Vault XP
 C = Vault XP percentage of total XP
 D = Non-vault monster count
 E = Vault monster count
 F = Vault count percentage of total count
                 A         B        C        D         E       F
            +---------+---------+-------+---------+---------+-------
      Total |      78 |       3 |   3.7 |      23 |       2 |   8.0
            +---------+---------+-------+---------+---------+-------
        D:1 |      24 |       3 |  11.1 |      12 |       2 |  14.3
        D:2 |      54 |       0 |   0.0 |      11 |       0 |   0.0
            +---------+---------+-------+---------+---------+-------

Illustrated notes

Table legend:
 A = Kills in this place as a percentage of kills in entire the game.
 B = Kills by you in this place as a percentage of kills by you in the entire game.
 C = Kills by friends in this place as a percentage of kills by friends in the entire game.
 D = Other kills in this place as a percentage of other kills in the entire game.
 E = Experience gained in this place as a percentage of experience gained in the entire game.
 F = Experience gained in this place divided by the number of levels of this place that you have seen.
                   A       B       C       D       E      F
               +-------+-------+-------+-------+-------+----------------------
         Total | 100.0 | 100.0 |   N/A |   N/A | 100.0 |  40.5
       Dungeon | 100.0 | 100.0 |   N/A |   N/A | 100.0 |  40.5
               +-------+-------+-------+-------+-------+----------------------

Table legend: (Time is in decaauts)
 A = Elapsed time spent in this place.
 B = Non-inter-level travel time spent in this place.
 C = Inter-level travel time spent in this place.
 D = Time resting spent in this place.
 E = Time spent auto-exploring this place.
 F = Levels seen in this place.
 G = Mean time per level.
                   A        B        C        D        E       F      G
               +--------+--------+--------+--------+--------+-----+--------+
         Total |   1411 |   1396 |     15 |    191 |    995 |   2 |  705.5 |
       Dungeon |   1411 |   1396 |     15 |    191 |    995 |   2 |  705.5 |
               +--------+--------+--------+--------+--------+-----+--------+

Top non-repeatable levels by time:
     D:1: 908 daAuts
     D:2: 502 daAuts
